 Dungeon Crawl Stone Soup version 0.31-a0-1227-g0136665373 (webtiles) character file.

Game seed: 18385771826455184048

24 pascalblue the Chiller (level 2, 0/15 HPs)
             Began as a Deep Elf Ice Elementalist on Dec 14, 2023.
             Slain by a bat (1 damage)
             ... on level 2 of the Dungeon.
             The game lasted 00:02:48 (1146 turns).

pascalblue the Chiller (Deep Elf Ice Elementalist)  Turns: 1146, Time: 00:02:49

Health: 0/15       AC:  2    Str:  5    XL:     2   Next: 79%
Magic:  5/8        EV: 12    Int: 19    God:
Gold:   61         SH:  0    Dex: 15    Spells: 7/8 levels left

rFire   . . .        c - +0 short sword
rCold   . . .        (no shield)
rNeg    . . .        a - +0 robe
rPois   .            (no helmet)
rElec   .            (no cloak)
rCorr   .            (no gloves)
SInv    .            (no boots)
Will    .....        (no amulet)
Stlth   ++           (no ring)
HPRegen 0.22/turn    (no ring)
MPRegen 0.11/turn

%: no passive effects
@: no status effects
A: no striking features
a: no special abilities


You were on level 2 of the Dungeon.
You visited 1 branch of the dungeon, and saw 2 of its levels.

You collected 61 gold pieces.

Inventory:

Hand Weapons
 c - a +0 short sword (weapon)
Armour
 a - a +0 robe (worn)
Jewellery
 d - a ring of ice
Scrolls
 e - a scroll of poison {unknown}
 f - a scroll of enchant weapon {unknown}
 g - a scroll of brand weapon {unknown}
 h - a scroll of butterflies {unknown}
Potions
 b - a potion of magic
 i - a potion of curing {unknown}


   Skills:
 - Level 2.4 Dodging
 - Level 2.4 Stealth
 + Level 3.6 Spellcasting
 * Level 5.1 Ice Magic


You had 7 spell levels left.
You knew the following spells:

 Your Spells              Type           Power      Damage    Failure   Level
a - Freeze                Ice            88%        1d9       1%          1

Your spell library contained the following spells:

 Spells                   Type           Power      Damage    Failure   Level
 Frozen Ramparts          Ice            44%        1d7       5%          3
 Ozocubu's Armour         Ice            22%        N/A       5%          3
 Summon Ice Beast         Ice/Summ       13%        N/A       45%         4


Dungeon Overview and Level Annotations

Branches:
Dungeon (2/15)

Altars:

Shops:
D:1 *   D:2 :


Message History

The hobgoblin misses you.
Casting: Freeze (safe; 1% risk of failure)
Confirm with . or Enter, or press ? or * to list all spells.
Aiming: Freeze (safe; 1% risk of failure)
Press: ? - help, Shift-Dir - straight line, f/p - hobgoblin
Aim: a hobgoblin (moderately wounded)
You freeze the hobgoblin.
You kill the hobgoblin!
You see here a hobgoblin corpse. 2 worms come into view.
A bat comes into view.
The bat hits you but does no damage.
Casting: Freeze (safe; 1% risk of failure)
Confirm with . or Enter, or press ? or * to list all spells.
Aiming: Freeze (safe; 1% risk of failure)
Press: ? - help, Shift-Dir - straight line, f - bat
Aim: a bat You freeze the bat.
The bat is moderately wounded.
The bat closely misses you. The worm bites you.
Casting: Freeze (safe; 1% risk of failure)
Confirm with . or Enter, or press ? or * to list all spells.
Aiming: Freeze (safe; 1% risk of failure)
Press: ? - help, Shift-Dir - straight line, f - worm, p - bat
Aim: a worm You freeze the worm.
The worm is moderately wounded.
The bat hits you.
Casting: Freeze (safe; 1% risk of failure)
Confirm with . or Enter, or press ? or * to list all spells.
Aiming: Freeze (safe; 1% risk of failure)
Press: ? - help, Shift-Dir - straight line, f/p - worm
Aim: a worm (moderately wounded)
You freeze the worm.
The worm is heavily wounded.
The bat closely misses you. The worm bites you!
Ouch! That really hurt!
* * * LOW HITPOINT WARNING * * *
The bat hits you.
You die...

.. #. #. #####.###
........#################
.........................
.#......########.........
.....w.b@.# #.#.........
#.....w.#.# #.#.........
#.......#.# #...........
#.###...#.####.#.†#######
# #####......#..#
########..#######
...........(.>#
#######........ #######.#


You could see 2 worms and a bat.

Vanquished Creatures
  A worm (D:2)
  A bat (D:1)
  3 endoplasms (D:1)
  A goblin (D:1)
  4 hobgoblins
  3 kobolds (D:1)
  3 ball pythons (D:1)
  A frilled lizard (D:1)
  2 rats (D:1)
19 creatures vanquished.

Notes
Turn   | Place    | Note
-------+----------+-------------------------------------------
     0 | D:1      | pascalblue the Deep Elf Ice Elementalist began the quest
                  | for the Orb.
     0 | D:1      | Reached XP level 1. HP: 10/10 MP: 6/6
   151 | D:1      | Found Beaplucs's Assorted Antiques.
   304 | D:1      | Reached XP level 2. HP: 15/15 MP: 6/8
   901 | D:1      | Reached skill level 5 in Ice Magic
  1031 | D:2      | Found Zohatz's Book Shop.
  1146 | D:2      | Slain by a bat

Illustrated notes

Levels and vault maps discovered:
D:1:      zelgadis_glass_arrival_small, layout_basic, serial_shops, shop
D:2:      layout_basic, serial_shops, nicolae_book_shop_shelving,
          basic_ecumenical_altar, minmay_randomly_rotated_circles, uniq_robin

Skill      XL: |  1  2 |
---------------+-------+-----
Ice Magic      | 5 |  5.1
Dodging        | |  2.4
Stealth        | |  2.4
Spellcasting   | |  3.6

Action                     || total
---------------------------++-------
  Melee: Unarmed           ||     1
         Short sword       ||     2
   Cast: Freeze            ||    31
 Armour: Robe              ||    14
  Dodge: Dodged            ||    14

Table legend: (Time is in decaauts)
 A = Elapsed time spent in this place.
 B = Non-inter-level travel time spent in this place.
 C = Inter-level travel time spent in this place.
 D = Time resting spent in this place.
 E = Time spent auto-exploring this place.
 F = Levels seen in this place.
 G = Mean time per level.
                   A        B        C        D        E       F      G
               +--------+--------+--------+--------+--------+-----+--------+
         Total |   1145 |   1123 |     22 |      0 |    972 |   2 |  572.5 |
       Dungeon |   1145 |   1123 |     22 |      0 |    972 |   2 |  572.5 |
               +--------+--------+--------+--------+--------+-----+--------+

Top non-repeatable levels by time:
     D:1: 1022 daAuts
     D:2: 122 daAuts
